 Dungeon Crawl Stone Soup version 0.23.0 (webtiles) character file.

Game seed: 4527765470791671037

564936 Infinimo the Shatterer (level 26, -1/198 HPs)
             Began as a Gargoyle Gladiator on Feb 16, 2019.
             Was a High Priest of Zin.
             Splashed by an acid blob's acid (3 damage)
             ... created by the Royal Jelly
             ... on level 3 of the Pits of Slime.
             The game lasted 01:45:41 (66399 turns).

Infinimo the Shatterer (Gargoyle Gladiator)        Turns: 66399, Time: 01:45:41

Health: -1/198     AC: 33    Str: 26    XL:     26   Next: 77%
Magic:  12/20      EV:  9    Int: 13    God:    Zin [*****.]
Gold:   6085       SH: 28    Dex: 14    Spells: 25/25 levels left

rFire    + . .     SeeInvis .   Z - +9 sacred scourge (holy)
rCold    + + .     Gourm    .   o - +3 large shield
rNeg     + + .     Faith    .   t - +5 plate armour {rC+}
rPois    ∞         Spirit   .   (helmet restricted)
rElec    +         Reflect  .   O - scarf {rC+ rF+}
rCorr    +         Harm     .   X - +2 pair of gloves {Dex+3}
MR       ++...                  W - +2 pair of boots {run}
Stlth    ..........             P - amulet of rage
HPRegen  0.43/turn              R - ring of Jaopak {+Inv rN+ MR+ Slay+6 Stlth+}
MPRegen  0.17/turn              I - ring of resist corrosion

@: about to teleport, corroded, flying, quick
A: big wings, claws 1, horns 1, blurry vision 1, low mp 1, negative energy
resistance 1, robust 1, electricity resistance, unbreathing, petrification
resistance, rot immunity, subdued magic 1, AC +20
}: 3/15 runes: serpentine, barnacled, silver
a: Stop Flying, Recite, Vitalisation, Imprison, Sanctuary, Donate Gold, Renounce
Religion, Evoke Berserk Rage, Evoke Invisibility


You were on level 3 of the Pits of Slime.
You worshipped Zin.
Zin was extremely pleased with you.
You were not hungry.

You visited 11 branches of the dungeon, and saw 49 of its levels.
You also visited: Ice Cave.

You collected 8869 gold pieces.
You spent 2533 gold pieces at shops.
You donated 251 gold pieces to Zin.

Inventory:

Hand Weapons
 k - a +2 eveningstar of electrocution
 S - the +4 eveningstar "Lusk" {elec, rF+ MR+ Int+2}
   (Okawaru gifted it to you on level 6 of the Lair of Beasts)

   Occasionally, upon striking a foe, it will discharge some electrical energy
   and cause terrible harm.
   It affects your intelligence (+2).
   It protects you from fire.
   It affects your resistance to hostile enchantments.
 Z - a +9 sacred scourge of holy wrath (weapon)
Missiles
 d - 11 throwing nets (quivered)
Armour
 o - a +3 large shield (worn)
 p - a scarf of repulsion
 t - a +5 plate armour of cold resistance (worn)
 K - a +2 helmet of see invisible
 O - a scarf of resistance (worn)
 W - a +2 pair of boots of running (worn)
 X - a +2 pair of gloves of dexterity (worn)
Jewellery
 c - the amulet "Cub Quc" {Harm -Tele *Drain rN++ SInv Stlth+}
   (You took it off a deep elf sorcerer on level 5 of the Vaults)

   [amulet of harm]

   It increases damage dealt and taken.
   It greatly protects you from negative energy.
   It lets you see invisible.
   It prevents most forms of teleportation.
   It causes draining when unequipped.
   It makes you more stealthy.
 m - the ring of the Lily {rElec rN+ Int+4 Slay+2}
   (You found it on level 3 of the Crypt)

   [ring of positive energy]

   It affects your intelligence (+4).
   It affects your accuracy and damage with ranged weapons and melee attacks
   (+2).
   It insulates you from electricity.
   It protects you from negative energy.
 C - an uncursed ring of see invisible
 D - the ring of Waiq {rN+ MR+ Str-4 Int+4}
   (You found it on level 3 of the Crypt)

   [ring of positive energy]

   It affects your strength (-4).
   It affects your intelligence (+4).
   It protects you from negative energy.
   It affects your resistance to hostile enchantments.
 E - the ring of Tiot {+Fly rN+ MR+ Int+3}
   (You found it on level 3 of the Elven Halls)

   [ring of flight]

   It affects your intelligence (+3).
   It protects you from negative energy.
   It affects your resistance to hostile enchantments.
   It lets you fly.
 I - a ring of resist corrosion (right hand)
 P - an amulet of rage (around neck)
 Q - the ring of Robustness {AC+8}
   (You found it on level 3 of the Elven Halls)

   [ring of protection]

   It affects your AC (+8).
 R - the ring of Jaopak (left hand) {+Inv rN+ MR+ Slay+6 Stlth+}
   (You bought it in a shop on level 2 of the Orcish Mines)

   [ring of protection from magic]

   It affects your accuracy and damage with ranged weapons and melee attacks
   (+6).
   It protects you from negative energy.
   It affects your resistance to hostile enchantments.
   It lets you turn invisible.
   It makes you more stealthy.
 T - the amulet "Boxec" {Acrobat rElec MR- Dex+4}
   (You found it on level 3 of the Elven Halls)

   [amulet of the acrobat]

   It helps you evade while moving and waiting.
   It affects your dexterity (+4).
   It insulates you from electricity.
   It affects your resistance to hostile enchantments.
 U - a +6 ring of protection
Wands
 g - a wand of digging (6)
Scrolls
 b - 11 scrolls of identify
 e - 3 scrolls of enchant weapon
 n - a scroll of enchant armour
 s - a scroll of holy word
 u - a scroll of silence
 v - 19 scrolls of remove curse
 w - 11 scrolls of teleportation
 x - a scroll of fog
 y - 8 scrolls of magic mapping
 z - a scroll of blinking
 G - 7 scrolls of fear
 J - 2 scrolls of brand weapon
Potions
 a - 4 potions of magic
 h - 4 potions of cancellation
 i - 9 potions of curing
 j - 3 potions of invisibility
 l - 2 potions of berserk rage
 q - 6 potions of brilliance
 r - 8 potions of agility
 A - 5 potions of haste
 B - a potion of ambrosia
 F - a potion of heal wounds
 L - 2 potions of resistance
 M - 6 potions of might
Comestibles
 f - 72 rations


   Skills:
 + Level 22.3 Fighting
 + Level 24.6 Maces & Flails
 - Level 1.7 Throwing
 + Level 22.2 Armour
 - Level 2.6 Dodging
 + Level 22.2 Shields


You had 25 spell levels left.
You didn't know any spells.
Your spell library contained the following spells:

 Spells                   Type           Power        Failure   Level  Hunger
 Animate Skeleton         Necr           N/A          86%         1    ##.....
 Apportation              Tloc           #.....       86%         1    ##.....
 Confusing Touch          Hex            #.....       86%         1    ##.....
 Corona                   Hex            #......      86%         1    ##.....
 Flame Tongue             Conj/Fire      #....        86%         1    ##.....
 Freeze                   Ice            #...         86%         1    ##.....
 Infusion                 Chrm           #...         86%         1    ##.....
 Magic Dart               Conj           #...         86%         1    ##.....
 Pain                     Necr           #...         86%         1    ##.....
 Sandblast                Erth           #.....       86%         1    ##.....
 Shock                    Conj/Air       #...         86%         1    ##.....
 Sting                    Conj/Pois      #...         86%         1    ##.....
 Summon Butterflies       Summ           #.......     86%         1    ##.....
 Summon Small Mammal      Summ           #...         86%         1    ##.....
 Blink                    Tloc           N/A          95%         2    ###....
 Call Imp                 Summ           #.......     95%         2    ###....
 Corpse Rot               Necr           N/A          95%         2    ###....
 Ensorcelled Hibernation  Hex/Ice        #.....       95%         2    ###....
 Passwall                 Tmut/Erth      #.......     95%         2    ###....
 Poisonous Vapours        Pois/Air       #.....       95%         2    ###....
 Searing Ray              Conj           #.....       95%         2    ###....
 Shroud of Golubria       Chrm/Tloc      #.........   95%         2    ###....
 Slow                     Hex            #.......     95%         2    ###....
 Song of Slaying          Chrm           #.......     95%         2    ###....
 Sticks to Snakes         Tmut           #.......     95%         2    ###....
 Swiftness                Chrm/Air       #.......     95%         2    ###....
 Throw Flame              Conj/Fire      #.....       95%         2    ###....
 Throw Frost              Conj/Ice       #.....       95%         2    ###....
 Call Canine Familiar     Summ           #.......     99%         3    ####...
 Confuse                  Hex            #.......     99%         3    ####...
 Conjure Flame            Conj/Fire      #.......     99%         3    ####...
 Dazzling Spray           Conj/Hex       #.....       99%         3    ####...
 Gell's Gravitas          Tloc           #.........   99%         3    ####...
 Ignite Poison            Fire/Tmut/Pois #.......     99%         3    ####...
 Inner Flame              Hex/Fire       #.......     99%         3    ####...
 Mephitic Cloud           Conj/Pois/Air  #.......     99%         3    ####...
 Ozocubu's Armour         Chrm/Ice       #.......     99%         3    ####...
 Portal Projectile        Hex/Tloc       #.....       99%         3    ####...
 Recall                   Summ/Tloc      N/A          99%         3    ####...
 Regeneration             Chrm/Necr      #.........   99%         3    ####...
 Spectral Weapon          Hex/Chrm       #.......     99%         3    ####...
 Static Discharge         Conj/Air       #.......     99%         3    ####...
 Stone Arrow              Conj/Erth      #.....       99%         3    ####...
 Airstrike                Air            #.........   100%        4    #####..
 Cause Fear               Hex            #.........   100%        4    #####..
 Force Lance              Conj/Tloc      #.......     100%        4    #####..
 Fulminant Prism          Conj/Hex       #.........   100%        4    #####..
 Ice Form                 Ice/Tmut       #.......     100%        4    #####..
 Iskenderun's Mystic Bla  Conj           #.......     100%        4    #####..
 Leda's Liquefaction      Hex/Erth       #.........   100%        4    #####..
 Olgreb's Toxic Radiance  Pois           #.......     100%        4    #####..
 Passage of Golubria      Tloc           N/A          100%        4    #####..
 Petrify                  Tmut/Erth      #.......     100%        4    #####..
 Sticky Flame             Conj/Fire      #.......     100%        4    #####..
 Summon Ice Beast         Ice/Summ       #.......     100%        4    #####..
 Summon Lightning Spire   Summ/Air       #.......     100%        4    #####..
 Throw Icicle             Conj/Ice       #.......     100%        4    #####..
 Agony                    Necr           #.......     100%        5    ######.
 Aura of Abjuration       Summ           #.........   100%        5    ######.
 Blade Hands              Tmut           #.........   100%        5    ######.
 Bolt of Draining         Conj/Necr      #.........   100%        5    ######.
 Bolt of Magma            Conj/Fire/Erth #.........   100%        5    ######.
 Borgnjor's Vile Clutch   Necr/Erth      #.........   100%        5    ######.
 Dispel Undead            Necr           #.......     100%        5    ######.
 Fireball                 Conj/Fire      #.........   100%        5    ######.
 Lee's Rapid Deconstruct  Erth           #.........   100%        5    ######.
 Lightning Bolt           Conj/Air       #.........   100%        5    ######.
 Metabolic Englaciation   Hex/Ice        #.........   100%        5    ######.
 Silence                  Hex/Air        #.........   100%        5    ######.
 Summon Demon             Summ           #.........   100%        5    ######.
 Summon Forest            Summ/Tloc      #.........   100%        5    ######.
 Summon Mana Viper        Hex/Summ       #.......     100%        5    ######.
 Venom Bolt               Conj/Pois      #.........   100%        5    ######.
 Yara's Violent Unravell  Hex/Tmut       #.........   100%        5    ######.
 Bolt of Cold             Conj/Ice       #.........   100%        6    #######
 Bolt of Fire             Conj/Fire      #.........   100%        6    #######
 Conjure Ball Lightning   Conj/Air       #.........   100%        6    #######
 Darkness                 Hex            #.........   100%        6    #######
 Death Channel            Necr           #.........   100%        6    #######
 Deflect Missiles         Chrm/Air       #.........   100%        6    #######
 Freezing Cloud           Conj/Ice/Air   #.........   100%        6    #######
 Hydra Form               Tmut           #.........   100%        6    #######
 Invisibility             Hex            #.......     100%        6    #######
 Iron Shot                Conj/Erth      #.........   100%        6    #######
 Ozocubu's Refrigeration  Ice            #.........   100%        6    #######
 Shadow Creatures         Summ           N/A          100%        6    #######
 Simulacrum               Ice/Necr       #.........   100%        6    #######
 Dragon Form              Tmut           #.........   100%        7    #######
 Haunt                    Necr/Summ      #.........   100%        7    #######
 Ring of Flames           Chrm/Fire      #.........   100%        7    #######
 Summon Hydra             Summ           #.........   100%        7    #######
 Borgnjor's Revivificati  Necr           #.........   100%        8    #######
 Death's Door             Chrm/Necr      #.........   100%        8    #######
 Ignition                 Fire           #.........   100%        8    #######
 Infestation              Necr           #.........   100%        8    #######
 Necromutation            Tmut/Necr      #.........   100%        8    #######
 Dragon's Call            Summ           #.........   100%        9    #######
 Shatter                  Erth           #.........   100%        9    #######
 Tornado                  Air            #.........   100%        9    #######
 Sublimation of Blood     Necr           Unusable     N/A         2    N/A
 Statue Form              Tmut/Erth      Unusable     N/A         6    N/A

Dungeon Overview and Level Annotations

Branches:
Dungeon (15/15)            Temple (1/1) D:4            Lair (6/6) D:11
 Shoals (4/4) Lair:4        Snake (4/4) Lair:2        Slime (5/5) Lair:5
    Orc (2/2) D:11            Elf (3/3) Orc:2        Vaults (5/5) D:14
  Crypt (3/3) Vaults:2       Tomb (1/3) Crypt:3      Depths (0/5) D:15

Altars:
Ashenzari
Cheibriados
Dithmenos
Elyvilon
Fedhas
Gozag
Hepliaklqana
Kikubaaqudgha
Makhleb
Nemelex Xobeh
Okawaru
Qazlal
Ru
Sif Muna
Trog
Uskayaw
Vehumet
Wu Jian
Xom
Yredelemnul
Zin
The Shining One
Jiyva

Shops:
D:9 !   D:10 *   Orc:1 *   Orc:2 =?([[   Elf:1 :%!(!   Shoals:2 (   Shoals:4 *
Snake:2 *   Snake:3 }==   Vaults:3 *   Vaults:4 (

Portals:
Trove: D:13 (give +4 ice dragon scales)

Annotations:
Slime:3 Dissolution
Slime:5 Royal Jelly


Innate Abilities, Weirdness & Mutations

You are resistant to torment.
Your stone body is resilient. (AC +20)
You are immune to poison.
Your large and strong wings let you fly indefinitely.
You resist negative energy. (rN+)
You are resistant to electric shocks. (rElec)
You can survive without breathing.
You are immune to petrification.
You are immune to rotting.
You have sharp fingernails.
You have a pair of small horns on your head.
Scrolls take you a little longer to read.
Your magical capacity is low. (-10% MP)
You are robust. (+10% HP)
Your spells are a little easier to cast, but a little less powerful.


Message History

You begin reading the scroll.
You continue reading the scroll.
You block the azure jelly's attack. You block the acid blob's attack.
You block Dissolution's attack. Dissolution hits you.
* * * LOW HITPOINT WARNING * * *
You are splashed with acid.
You resist.
* * * LOW HITPOINT WARNING * * *
The acid blob hits you!
* * * LOW HITPOINT WARNING * * *
You are splashed with acid.
You resist.
* * * LOW HITPOINT WARNING * * *
You block the azure jelly's attack. The azure jelly hits you.
* * * LOW HITPOINT WARNING * * *
You block the azure jelly's attack.
As you read the scroll of teleportation, it crumbles to dust.
You feel strangely unstable.
A slime creature comes into view.
You block the acid blob's attack. The acid blob spits acid at you.
The acid corrodes you!
You are splashed with acid.
You resist.
You die...

.... #######
....###.....##.#
................
...............
....G.....G...#
....J.......##
....JJ.JJ....##
....GJJ>J.....##
....#.JJ@......#
...............J
..#...>.........
..#........##..
.............. .
...............
...............
..<.........#.#


You could see Dissolution, 2 acid blobs, 2 azure jellies, a great orb of eyes, 6
slime creatures, a shining eye and an eye of draining.

Vanquished Creatures
  2 ancient liches
  3 greater mummies (Tomb:1)
  Sojobo (Crypt:3)
  Saint Roka (Snake:4)
  A golden dragon (Vaults:5)
  The ghost of yalue the Executioner, an adept MiFi of the Shining One (Crypt:1)
  A bone dragon (Crypt:3)
  Nikola (Vaults:3)
  An Ice Fiend (IceCv)
  6 liches
  2 tentacled monstrosities (Vaults:5)
  Rupert (Lair:6)
  7 deep elf blademasters
  9 deep elf master archers
  23 titans
  14 acid blobs
  A kraken (Shoals:1)
  Gastronok (Orc:1)
  2 ancient champions
  Kirke (Shoals:1)
  9 sphinxes
  4 storm dragons
  Roxanne (Elf:1)
  5 nagarajas (Snake:4)
  3 revenants
  A shadow dragon (Vaults:5)
  13 fire giants
  6 tengu reavers
  14 frost giants
  Louise (D:15)
  9 azure jellies
  An orc warlord (Orc:1)
  An iron dragon (Vaults:5)
  5 deep elf sorcerers
  14 vault wardens
  4 curse skulls
  5 ghouls (Crypt:2)
  3 deep elf elementalists
  5 war gargoyles
  5 entropy weavers
  6 very ugly things
  4 vampire knights
  2 bennus (Tomb:1)
  13 ironheart preservers
  17 stone giants
  Nessos (D:13)
  7 deep elf demonologists
  A purple draconian (Tomb:1)
  6 deep elf annihilators
  2 red draconians (Tomb:1)
  5 merfolk javelineers
  10 deep elf death magi
  7 merfolk impalers
  The ghost of sosloow the Cleaver, a journeyman DDBe of Trog (D:10)
  3 fire dragons
  3 crystal guardians (Crypt:3)
  4 eidola
  3 death oozes
  16 ettins
  Snorg (D:10)
  2 jiangshi
  9 mummy priests (Tomb:1)
  Josephine (D:15)
  5 great orbs of eyes
  A quicksilver dragon zombie (Crypt:1)
  4 deep elf high priests
  A quicksilver dragon skeleton (Crypt:1)
  3 ice dragons
  2 rakshasas
  34 vault guards
  19 yaktaur captains
  A catoblepas (Lair:6)
  Fannar (D:10)
  14 naga warriors
  9 centaur warriors
  3 merfolk aquamancers
  4 hydras
  The ghost of iano21 the Slinger, a journeyman HaHu of Dithmenos (D:9)
  Erica (D:10)
  37 two-headed ogres
  5 anacondas
  3 merfolk avatars
  A satyr (Shoals:3)
  A queen ant (shapeshifter) (Vaults:5)
  3 death knights
  4 alligator snapping turtles (Shoals:4)
  43 dancing weapons
  11 death scarabs (Tomb:1)
  13 ogre magi
  A death yak (Lair:5)
  A deep troll shaman (Vaults:5)
  2 soul eaters
  A titan zombie (Crypt:3)
  2 deep troll earth magi
  9 naga sharpshooters
  8 shock serpents
  4 vampire magi
  Sonja (Orc:1)
  34 deep elf knights
  6 hell knights (Crypt:3)
  The ghost of binko the Cleaver, a novice HOFi of Qazlal (D:7)
  A fire crab (Lair:6)
  11 sea snakes
  2 salamander mystics (Snake:3)
  A fire crab (shapeshifter) (Vaults:2)
  A deep troll (shapeshifter) (Vaults:5)
  2 small abominations (Elf:3)
  22 skeletal warriors
  A golden dragon zombie (Crypt:3)
  2 shadow wraiths (Crypt:1)
  6 wizards
  6 unseen horrors
  2 shadow dragon zombies (Crypt:1)
  An anaconda skeleton (Crypt:3)
  A glowing orange brain (Slime:5)
  A kraken simulacrum (Shoals:4)
  4 deep trolls
  10 phantasmal warriors
  7 flayed ghosts
  5 naga ritualists
  28 deep elf archers
  10 necromancers
  2 wolf spider zombies
  12 ironbrand convokers
  An iron giant skeleton (Crypt:1)
  4 orc sorcerers
  A mana viper (shapeshifter) (Vaults:5)
  9 harpies
  18 orc knights
  A fire giant zombie (Vaults:2)
  106 deep elf magi
  5 shining eyes
  6 mana vipers
  5 wolf spiders
  27 ugly things
  An elephant (shapeshifter) (Vaults:5)
  A shadow dragon skeleton (Crypt:3)
  9 manticores
  An oklob plant (Lair:1)
  9 cyclopes
  7 fauns
  10 salamanders
  A salamander (shapeshifter) (Vaults:3)
  A stone giant skeleton (Crypt:1)
  A moth of wrath (D:9)
  A fire giant skeleton (Crypt:3)
  45 black mambas
  4 ice statues (IceCv)
  10 merfolk sirens
  3 centaur zombies
  6 elephants
  13 vault sentinels
  Joseph (D:10)
  7 molten gargoyles
  5 water nymphs
  17 naga magi
  2 black mambas (shapeshifter)
  A storm dragon simulacrum (Crypt:1)
  A torpor snail (Lair:5)
  3 eyes of devastation
  3 gargoyles
  15 spiny frogs
  A swamp worm zombie (Crypt:2)
  3 rime drakes (Lair:2)
  An efreet (D:13)
  27 yaktaurs
  7 freezing wraiths
  A minotaur zombie (Crypt:2)
  2 kobold demonologists
  A redback zombie (D:14)
  8 komodo dragons
  11 ice devils (IceCv)
  An anaconda simulacrum (IceCv)
  10 guardian mummies (Tomb:1)
  2 hydra zombies
  A golden dragon simulacrum (IceCv)
  A queen bee (Lair:2)
  3 human skeletons
  30 merfolk
  3 meliai (D:14)
  10 trolls
  3 hornets
  A wind drake (shapeshifter) (Elf:3)
  A hydra skeleton (Crypt:1)
  117 slime creatures
  5 wind drakes
  9 blink frogs
  An ettin zombie (Vaults:2)
  A hippogriff (shapeshifter) (Elf:2)
  5 snapping turtles
  A dream sheep (shapeshifter) (Vaults:5)
  A stone giant simulacrum (Vaults:1)
  17 hippogriffs
  A fire dragon zombie (Crypt:3)
  5 air elementals
  5 shadows
  8 wyverns
  8 redbacks
  49 flying skulls
  A tarantella (shapeshifter) (Vaults:2)
  An ettin skeleton (Crypt:3)
  2 tarantellas
  A fire dragon skeleton (Crypt:3)
  3 ushabtiu (Tomb:1)
  13 water elementals
  20 wraiths
  2 dire elephant simulacra
  4 fire elementals
  32 yaks
  9 basilisks
  A golden eye (shapeshifter) (Vaults:3)
  A hog (Shoals:1)
  5 hungry ghosts
  6 golden eyes (Slime:4)
  A human (shapeshifter) (Vaults:4)
  Menkaure (D:5)
  2 catoblepas simulacra
  An iron troll simulacrum (IceCv)
  3 vampire mosquitoes (D:14)
  2 soldier ants
  10 wargs
  A wind drake skeleton (Crypt:1)
  An infernal demonspawn zombie (Crypt:1)
  3 acid dragons
  2 harpy simulacra (IceCv)
  55 nagas
  3 hydra simulacra (IceCv)
  An infernal demonspawn skeleton (Crypt:1)
  Duvessa (D:5)
  12 porcupines
  16 water moccasins
  A floating eye (Slime:5)
  4 hell hounds (Lair:6)
  2 ice beasts
  A hornet zombie (Crypt:2)
  A swamp drake (D:14)
  68 orc warriors
  A black bear (D:11)
  4 eyes of draining
  2 sky beasts
  A lindwurm zombie (Crypt:2)
  8 necrophages
  2 eyes of draining (shapeshifter)
  9 phantoms
  A black mamba simulacrum (Crypt:2)
  35 ogres
  An ettin simulacrum (IceCv)
  A wolf (Lair:3)
  A manticore skeleton (Crypt:3)
  19 centaurs
  2 big kobolds
  10 crocodiles
  An earth elemental (Elf:3)
  14 bullfrogs
  A gnoll sergeant (D:9)
  A yak zombie (Crypt:1)
  Dowan (D:5)
  7 scorpions
  32 killer bees
  An orc simulacrum (Vaults:2)
  8 howler monkeys
  13 wights
  2 electric eels
  5 crimson imps
  2 bullfrog zombies
  5 lava snakes (Lair:6)
  A bullfrog skeleton (D:12)
  9 hounds
  16 orc priests
  3 centaur skeletons
  3 jellies
  7 iguanas
  A black bear skeleton (Crypt:2)
  25 orc wizards
  11 worker ants
  2 hell rats (D:8)
  A killer bee zombie (D:8)
  An ogre skeleton (Crypt:1)
  2 hound zombies
  A tengu skeleton (Crypt:3)
  A hound skeleton (D:7)
  26 mummies (Tomb:1)
  A howler monkey skeleton (Crypt:2)
  17 adders
  6 gnolls (D:9)
  5 river rats (D:8)
  7 shadow imps
  An ooze (D:1)
  3 adder skeletons
  An iguana skeleton (Crypt:1)
  2 worms
  A barachi skeleton (Crypt:2)
  A dart slug (D:4)
  9 leopard geckos
  101 orcs
  2 ball pythons
  3 giant cockroaches
  3 goblins
  4 hobgoblins
  15 jackals
  13 quokkas
  A ball python skeleton (Crypt:2)
  16 bats
  3 frilled lizards (D:1)
  A jackal skeleton (D:7)
  18 kobolds
  2 leopard gecko skeletons
  A quokka skeleton (D:7)
  18 rats
  A rat skeleton (Crypt:2)
  A bush (Lair:1)
  A crawling corpse (Elf:3)
  2 fungi
  2 tentacles
  A withered plant (Crypt:2)
2322 creatures vanquished.

Vanquished Creatures (others)
  A dancing weapon (Crypt:3)
  A deep elf knight (Slime:1)
  A shadow wraith (Vaults:5)
  2 deep elf magi (Slime:1)
  2 humans (Shoals:1)
  A vampire mosquito (D:14)
  A naga (Snake:4)
  A necrophage (Crypt:2)
  An ogre (Vaults:4)
  An orc (Vaults:4)
  A ball python (Snake:1)
  15 fungi
  6 plants
  14 tentacles
  19 withered plants (Crypt:2)
67 creatures vanquished.

Grand Total: 2389 creatures vanquished

Notes
Turn   | Place    | Note
-------+----------+-------------------------------------------
     0 | D:1      | Infinimo the Gargoyle Gladiator began the quest for the
                  | Orb.
     0 | D:1      | Reached XP level 1. HP: 12/12 MP: 1/1
   322 | D:1      | Reached XP level 2. HP: 16/18 MP: 2/2
   559 | D:1      | Reached XP level 3. HP: 22/22 MP: 3/3
  1073 | D:2      | Reached XP level 4. HP: 25/27 MP: 4/4
  1076 | D:2      | Reached skill level 4 in Maces & Flails
  1076 | D:2      | Reached skill level 1 in Armour
  1076 | D:2      | Reached skill level 1 in Shields
  1424 | D:2      | Found an iron altar of Okawaru.
  1430 | D:2      | Became a worshipper of Warmaster Okawaru
  1569 | D:3      | Found a radiant altar of Vehumet.
  1733 | D:3      | Reached XP level 5. HP: 32/32 MP: 5/5
  1762 | D:3      | Found a burning altar of Makhleb.
  1864 | D:3      | Found a burning altar of Makhleb.
  2252 | D:4      | Reached XP level 6. HP: 37/37 MP: 6/6
  2546 | D:4      | Found a staircase to the Ecumenical Temple.
  2547 | D:4      | Reached * piety under Okawaru
  2621 | D:4      | Reached skill level 5 in Maces & Flails
  2801 | D:5      | Entered Level 5 of the Dungeon
  2962 | D:5      | Noticed an ice beast
  2973 | D:5      | Killed an ice beast
  3078 | D:5      | Reached XP level 7. HP: 34/43 MP: 7/7
  3155 | D:5      | Found a snail-covered altar of Cheibriados.
  3174 | D:5      | Noticed Dowan
  3175 | D:5      | Noticed Duvessa
  3190 | D:5      | Killed Dowan
  3206 | D:5      | Killed Duvessa
  3212 | D:5      | Reached ** piety under Okawaru
  3715 | D:5      | Noticed Menkaure
  4091 | D:5      | Reached skill level 6 in Maces & Flails
  4360 | D:6      | Reached XP level 8. HP: 45/48 MP: 8/8
  4752 | D:6      | Reached skill level 10 in Maces & Flails
  4752 | D:6      | Reached XP level 9. HP: 59/59 MP: 9/9
  4823 | D:5      | Killed Menkaure
  5372 | D:7      | Reached *** piety under Okawaru
  5983 | D:7      | Found a hide-covered altar of Uskayaw.
  5985 | D:7      | Found a stormy altar of Qazlal.
  5985 | D:7      | Found a shimmering altar of Xom.
  5993 | D:7      | Found a sparkling altar of Nemelex Xobeh.
  5993 | D:7      | Found a shadowy altar of Dithmenos.
  5993 | D:7      | Found an iron altar of Okawaru.
  6250 | D:8      | Reached XP level 10. HP: 63/64 MP: 10/10
  6589 | D:8      | Reached skill level 11 in Maces & Flails
  6618 | D:8      | Noticed a two-headed ogre
  6654 | D:8      | Killed a two-headed ogre
  6654 | D:8      | Reached **** piety under Okawaru
  6911 | D:8      | Found a runed translucent door.
  6912 | D:8      | Noticed binko's ghost (novice HOFi)
  6912 | D:8      | Noticed a gargoyle
  7349 | D:8      | Killed a gargoyle
  7637 | D:9      | Found Cez Dio's Distillery.
  7711 | D:9      | Received a gift from Okawaru
  7923 | D:9      | Found a hazy altar of Hepliaklqana.
  8001 | D:9      | Noticed a cyclops
  8027 | D:9      | Killed a cyclops
  8027 | D:9      | Reached ***** piety under Okawaru
  8042 | D:9      | Noticed a kobold demonologist
  8065 | D:9      | Reached XP level 11. HP: 65/71 MP: 11/11
  8139 | D:9      | Found the +27 Lear's hauberk
  8373 | D:9      | Found a transporter.
  8374 | D:9      | Noticed iano21's ghost (journeyman HaHu)
  8374 | D:9      | Noticed a moth of wrath
  8374 | D:9      | Noticed a wolf spider
  8374 | D:9      | Noticed a manticore
  8386 | D:9      | Found a transporter.
  8560 | D:9      | Killed a manticore
  8573 | D:9      | Killed a wolf spider
  8573 | D:9      | Received a gift from Okawaru
  8573 | D:9      | Reached skill level 12 in Maces & Flails
  8581 | D:9      | Killed a moth of wrath
  8860 | D:9      | Killed iano21's ghost
  9024 | D:10     | Entered Level 10 of the Dungeon
  9140 | D:10     | Killed an unseen horror
  9140 | D:10     | Received a gift from Okawaru
  9140 | D:10     | Reached ****** piety under Okawaru
  9175 | D:10     | Noticed Joseph
  9191 | D:10     | Killed Joseph
  9419 | D:10     | Noticed Fannar
  9436 | D:10     | Killed Fannar
  9453 | D:10     | Found a runed translucent gate.
  9454 | D:10     | Found a runed translucent gate.
  9455 | D:10     | Found a runed translucent gate.
  9456 | D:10     | Noticed sosloow's ghost (journeyman DDBe)
  9616 | D:10     | Killed an unseen horror
  9616 | D:10     | Received a gift from Okawaru
  9616 | D:10     | Reached skill level 10 in Fighting
  9616 | D:10     | Reached XP level 12. HP: 77/77 MP: 12/12
  9687 | D:10     | Noticed Erica
  9704 | D:10     | Killed Erica
  9783 | D:10     | Noticed Snorg
  9811 | D:10     | Killed Snorg
  9861 | D:10     | Found Cobbuno's Assorted Antiques.
  9869 | D:10     | Bought a notched ivory ring for 185 gold pieces
  9869 | D:10     | Bought a scratched onyx ring for 185 gold pieces
  9934 | D:10     | Reached skill level 13 in Maces & Flails
 10018 | D:10     | Reached skill level 10 in Armour
 10018 | D:10     | Reached skill level 10 in Shields
 10626 | D:10     | Killed sosloow's ghost
 11193 | D:11     | Noticed a four-headed hydra
 11202 | D:11     | Killed a four-headed hydra
 11233 | D:11     | Found a staircase to the Lair.
 11616 | D:11     | Noticed a two-headed ogre
 11632 | D:11     | Killed a two-headed ogre
 11863 | D:11     | Found a staircase to the Orcish Mines.
 11948 | D:12     | Noticed a two-headed ogre
 11980 | D:12     | Killed a two-headed ogre
 11980 | D:12     | Reached XP level 13. HP: 84/84 MP: 13/13
 12200 | D:12     | Reached skill level 14 in Maces & Flails
 12420 | D:12     | Received a gift from Okawaru
 12549 | D:12     | Found the +7 Singing Sword {slice, sonic wave}
 12908 | Lair:1   | Entered Level 1 of the Lair of Beasts
 13155 | Lair:1   | Found a blossoming altar of Fedhas.
 14233 | Lair:2   | Received a gift from Okawaru
 14466 | Lair:2   | Got an iridescent whip
 14467 | Lair:2   | Identified the +3 whip of Puonotei {holy, Fragile rF+ MR+}
                  | (You found it on level 2 of the Lair of Beasts)
 14691 | Lair:2   | Found a staircase to the Snake Pit.
 15182 | Lair:3   | Reached skill level 15 in Maces & Flails
 15308 | Lair:3   | Gained mutation: Your large and strong wings let you fly
                  | indefinitely. [Gargoyle growth]
 15308 | Lair:3   | Reached XP level 14. HP: 88/92 MP: 14/14
 15999 | Lair:4   | Found a staircase to the Shoals.
 16318 | Lair:5   | Found a staircase to the Slime Pits.
 16457 | Lair:5   | Received a gift from Okawaru
 17133 | Lair:6   | Entered Level 6 of the Lair of Beasts
 17353 | Lair:6   | Received a gift from Okawaru
 17488 | Lair:6   | Noticed Rupert
 17492 | Lair:6   | Paralysed by Rupert for 4 turns
 17515 | Lair:6   | Killed Rupert
 17585 | Lair:6   | Received a gift from Okawaru
 18081 | Lair:6   | Found a large runed translucent door.
 18081 | Lair:6   | Found a large runed translucent door.
 18289 | Lair:6   | Reached skill level 16 in Maces & Flails
 18546 | Lair:6   | Received a gift from Okawaru
 18549 | Lair:6   | Got a steaming eveningstar {god gift}
 18550 | Lair:6   | Identified the +4 eveningstar "Lusk" {elec, rF+ MR+ Int+2}
                  | (Okawaru gifted it to you on level 6 of the Lair of Beasts)
 18697 | Lair:6   | Identified the Grimoire of Mutagenic Stolen Souls
 19332 | D:13     | Noticed Nessos
 19334 | D:13     | Paralysed by Nessos for 3 turns
 19342 | D:13     | Paralysed by Nessos for 3 turns
 19359 | D:13     | Killed Nessos
 19651 | D:13     | Reached XP level 15. HP: 97/97 MP: 15/15
 19838 | D:13     | Found a portal to a secret trove of treasure.
 20226 | D:13     | Found the +12 glaive of Prune {chop}
 20299 | D:14     | Received a gift from Okawaru
 21303 | D:14     | Found a gate to the Vaults.
 21621 | D:15     | Entered Level 15 of the Dungeon
 21767 | D:15     | Noticed Josephine
 21776 | D:15     | Killed Josephine
 21883 | D:15     | Reached skill level 17 in Maces & Flails
 21961 | D:15     | Found a staircase to the Depths.
 22107 | D:15     | Noticed Louise
 22133 | D:15     | Killed Louise
 22133 | D:15     | Received a gift from Okawaru
 22431 | Orc:1    | Entered Level 1 of the Orcish Mines
 22494 | Orc:1    | Noticed Gastronok
 22508 | Orc:1    | Killed Gastronok
 22560 | Orc:1    | Found Ighoreatt's Assorted Antiques.
 22579 | Orc:1    | Bought a pair of spiked gloves for 237 gold pieces
 22579 | Orc:1    | Identified the +2 pair of gloves of Patterns {rElec rF- rN+
                  | SInv} (You bought it in a shop on level 1 of the Orcish
                  | Mines)
 22712 | Orc:1    | Noticed Sonja
 22713 | Orc:1    | Noticed an orc warlord
 22731 | Orc:1    | Killed Sonja
 22779 | Orc:1    | Killed an orc warlord
 22779 | Orc:1    | Reached XP level 16. HP: 103/105 MP: 16/16
 23173 | Orc:2    | Entered Level 2 of the Orcish Mines
 23990 | Orc:2    | Found Lukim's Armour Boutique.
 24009 | Orc:2    | Found a staircase to the Elven Halls.
 24025 | Orc:2    | Found Luufy's Weapon Emporium.
 24025 | Orc:2    | Found Zuekamel's Magic Scroll Boutique.
 24025 | Orc:2    | Found Efris's Jewellery Shop.
 24028 | Orc:2    | Found Xisiung's Antique Armour Shoppe.
 24035 | Orc:2    | Bought the ring of Jaopak {+Inv rN+ MR+ Slay+6 Stlth+} for
                  | 925 gold pieces
 24512 | Shoals:1 | Entered Level 1 of the Shoals
 24796 | Shoals:1 | Noticed Kirke
 24809 | Shoals:1 | Killed Kirke
 24886 | Shoals:1 | Received a gift from Okawaru
 25420 | Shoals:1 | Noticed a kraken
 25432 | Shoals:1 | Killed a kraken
 26039 | Shoals:2 | Found Pygegutoz's Weapon Shoppe.
 26275 | Shoals:3 | Reached skill level 18 in Maces & Flails
 26718 | Shoals:3 | Received a gift from Okawaru
 26938 | Shoals:4 | Entered Level 4 of the Shoals
 27391 | Shoals:4 | Identified Sif Muna's Handbook of Heat
 27511 | Shoals:4 | Reached XP level 17. HP: 112/112 MP: 17/17
 27737 | Shoals:4 | Found Yxkargh's Assorted Antiques.
 27751 | Shoals:4 | Bought a pair of runed boots for 202 gold pieces
 27751 | Shoals:4 | Bought a scroll of teleportation for 81 gold pieces
 27751 | Shoals:4 | Bought a potion of heal wounds for 135 gold pieces
 27751 | Shoals:4 | Bought a scroll of teleportation for 81 gold pieces
 28546 | Shoals:4 | Received a gift from Okawaru
 28570 | Shoals:4 | Got a barnacled rune of Zot
 28934 | Snake:1  | Entered Level 1 of the Snake Pit
 28986 | Snake:1  | Reached skill level 15 in Fighting
 29358 | Snake:1  | Reached skill level 19 in Maces & Flails
 29489 | Snake:1  | Reached skill level 15 in Armour
 29497 | Snake:1  | Reached skill level 15 in Shields
 29930 | Snake:1  | Identified a +0 pair of boots of running (You bought it in
                  | a shop on level 4 of the Shoals)
 29983 | Snake:2  | Received a gift from Okawaru
 29992 | Snake:2  | Found Xiunwel's General Store.
 30020 | Snake:2  | Received a gift from Okawaru
 30055 | Snake:2  | Bought a scroll of teleportation for 36 gold pieces
 30146 | Snake:2  | Found a frozen archway.
 30168 | IceCv    | Entered an ice cave
 30459 | IceCv    | Noticed an Ice Fiend
 30467 | IceCv    | Killed an Ice Fiend
 30467 | IceCv    | Reached XP level 18. HP: 74/119 MP: 18/18
 30913 | Snake:2  | You are sucked into a shaft!
 31643 | Snake:3  | Received a gift from Okawaru
 31933 | Snake:3  | Found Ynaija Xefi's Jewellery Shop.
 31934 | Snake:3  | Found Haudghog's Gadget Shoppe.
 31935 | Snake:3  | Found Nierul's Jewellery Shop.
 32015 | Snake:4  | Entered Level 4 of the Snake Pit
 32327 | Snake:4  | Noticed Saint Roka
 32355 | Snake:4  | Killed Saint Roka
 32355 | Snake:4  | Reached skill level 20 in Maces & Flails
 32667 | Snake:4  | Received a gift from Okawaru
 32788 | Snake:4  | Received a gift from Okawaru
 32935 | Snake:4  | Got a serpentine rune of Zot
 33005 | Snake:4  | Reached XP level 19. HP: 126/126 MP: 19/19
 33540 | Elf:1    | Entered Level 1 of the Elven Halls
 33569 | Elf:1    | Found Keixim's Book Shop.
 33581 | Elf:1    | Reached XP level 20. HP: 132/132 MP: 20/20
 33692 | Elf:1    | Found Ryesedgh's Food Shop.
 33693 | Elf:1    | Found Suguriz's Antique Weapon Boutique.
 33693 | Elf:1    | Found Jutsinte's Distillery.
 33699 | Elf:1    | Found Ybbienn's Distillery.
 33714 | Elf:1    | Bought a potion of heal wounds for 50 gold pieces
 33714 | Elf:1    | Bought a potion of haste for 100 gold pieces
 33714 | Elf:1    | Bought a potion of berserk rage for 50 gold pieces
 33714 | Elf:1    | Bought 2 potions of haste for 200 gold pieces
 33714 | Elf:1    | Bought a potion of curing for 30 gold pieces
 33858 | Elf:1    | Identified Roxanne's Reference Book on Changing
 33858 | Elf:1    | Noticed Roxanne
 33875 | Elf:1    | Killed Roxanne
 34744 | Elf:2    | Identified the +3 leather armour of Miazaps {rF+ rCorr
                  | Int+4}
 35102 | Elf:2    | Reached skill level 21 in Maces & Flails
 35263 | Elf:2    | Received a gift from Okawaru
 35266 | Elf:2    | Got a brightly glowing crystal plate armour {god gift}
 35277 | Elf:2    | Identified the +0 crystal plate armour "Laeren" {rPois}
                  | (Okawaru gifted it to you on level 2 of the Elven Halls)
 35404 | Elf:2    | Found a runed translucent gate.
 35404 | Elf:2    | Found a runed translucent gate.
 35408 | Elf:2    | Found a runed translucent gate.
 35908 | Elf:3    | Entered Level 3 of the Elven Halls
 36403 | Elf:3    | Reached XP level 21. HP: 133/139 MP: 21/21
 36438 | Elf:3    | Found the ring of Robustness {AC+8}
 36705 | Elf:3    | Found a radiant altar of Vehumet.
 36806 | Elf:3    | Received a gift from Okawaru
 36809 | Elf:3    | Got a pair of translucent boots {god gift}
 36810 | Elf:3    | Identified the -6 pair of boots of Past Mistakes {rPois MR-
                  | rCorr Str+3 Slay+5} (Okawaru gifted it to you on level 3 of
                  | the Elven Halls)
 36881 | Elf:3    | Identified the Catalogue of Serendipity
 37513 | Elf:3    | Identified the cursed +3 short sword of the Vaults {drain,
                  | *Rage Str+4 Int+4}
 37571 | Elf:3    | Got a sparkling bone ring
 37674 | Elf:3    | Got a fine garnet amulet
 37732 | Elf:3    | Got a heavily runed plate armour
 37733 | Elf:3    | Identified the cursed +0 plate armour of the Camelopard
                  | {rC+} (You found it on level 3 of the Elven Halls)
 37736 | Elf:3    | Identified the ring of Tiot {+Fly rN+ MR+ Int+3} (You found
                  | it on level 3 of the Elven Halls)
 37737 | Elf:3    | Identified the amulet "Boxec" {Acrobat rElec MR- Dex+4}
                  | (You found it on level 3 of the Elven Halls)
 38145 | Vaults:1 | Entered Level 1 of the Vaults
 38657 | Vaults:1 | Received a gift from Okawaru
 38810 | Vaults:1 | Found a shattered altar of Ashenzari.
 39394 | Vaults:1 | Reached XP level 22. HP: 108/147 MP: 22/22
 39501 | Vaults:2 | Received a gift from Okawaru
 39634 | Vaults:2 | Reached skill level 22 in Maces & Flails
 40536 | Vaults:2 | Received a gift from Okawaru
 40672 | Vaults:2 | Got a shimmering lapis lazuli ring
 40814 | Vaults:2 | Found a staircase to the Crypt.
 40814 | Vaults:2 | Found a basalt altar of Yredelemnul.
 40834 | Vaults:2 | Found an ancient bone altar of Kikubaaqudgha.
 41377 | Vaults:3 | Noticed Nikola
 41401 | Vaults:3 | Killed Nikola
 41401 | Vaults:3 | Received a gift from Okawaru
 41479 | Vaults:3 | Found Emixis's General Store.
 41494 | Vaults:3 | Bought a scroll of teleportation for 36 gold pieces
 41544 | Vaults:3 | Identified the ring "Zeroptef" {Dex+6 Stlth+} (You found it
                  | on level 2 of the Vaults)
 41822 | Vaults:3 | Reached XP level 23. HP: 155/155 MP: 23/23
 42650 | Vaults:4 | Received a gift from Okawaru
 42854 | Vaults:4 | Identified the +3 ring mail "Itzi" {*Drain rElec Str+3
                  | Dex+3} (Okawaru gifted it to you on level 4 of the Vaults)
 43304 | Vaults:4 | Found Oshizuf's Antique Weapon Emporium.
 43489 | Vaults:5 | Entered Level 5 of the Vaults
 43875 | Vaults:5 | HP: 7/156 [deep elf high priest/divine providence (16)]
 43957 | Vaults:5 | HP: 6/156 [titan (6)]
 44503 | Vaults:5 | Reached skill level 23 in Maces & Flails
 44572 | Vaults:5 | Received a gift from Okawaru
 44631 | Vaults:5 | Reached XP level 24. HP: 100/163 MP: 23/23
 44828 | Vaults:5 | Identified the +2 robe "Vivao" {Regen+ rCorr Str+2}
 44828 | Vaults:5 | Identified the amulet "Cub Quc" {Harm -Tele *Drain rN++
                  | SInv Stlth+}
 44889 | Vaults:5 | Noticed an ancient lich
 44911 | Vaults:5 | Killed an ancient lich
 45648 | Vaults:5 | Received a gift from Okawaru
 45669 | Vaults:5 | Identified the +5 quarterstaff "Arcanum" {venom, +Fly rF+
                  | Dex+2}
 45976 | Vaults:5 | Got a faintly glowing marble ring
 46225 | Vaults:5 | Received a gift from Okawaru
 46568 | Vaults:5 | Got a silver rune of Zot
 46703 | Vaults:5 | Identified the ring of Uhiusot {Fire Dex+6 Stlth-} (You
                  | found it on level 5 of the Vaults)
 46750 | Vaults:5 | Identified the Catalogue of Glacial Sinister Arts
 46752 | Vaults:5 | Identified the Compendium of the Arsonist
 47428 | Temple   | Entered the Ecumenical Temple
 47562 | Temple   | Fell from the grace of Okawaru
 47562 | Temple   | Became a worshipper of the Shining One
 47662 | D:7      | Killed binko's ghost
 47900 | Crypt:1  | Entered Level 1 of the Crypt
 48186 | Crypt:1  | Reached * piety under the Shining One
 48270 | Crypt:1  | Reached ** piety under the Shining One
 48349 | Crypt:1  | Reached *** piety under the Shining One
 48692 | Crypt:1  | Found a runed translucent gate.
 48692 | Crypt:1  | Found a runed translucent gate.
 48692 | Crypt:1  | Found a runed translucent gate.
 48692 | Crypt:1  | Noticed yalue's ghost (adept MiFi)
 48692 | Crypt:1  | Reached **** piety under the Shining One
 49204 | Crypt:1  | Reached XP level 25. HP: 170/170 MP: 23/23
 49440 | Crypt:2  | Reached ***** piety under the Shining One
 50427 | Crypt:2  | Reached ****** piety under the Shining One
 50436 | Crypt:2  | Identified a +9 sacred scourge of holy wrath (a +9 demon
                  | whip of electrocution blessed by the Shining One)
 50436 | Crypt:2  | Received a gift from the Shining One
 50563 | Crypt:1  | Killed yalue's ghost
 50980 | Temple   | Fell from the grace of the Shining One
 50980 | Temple   | Became a worshipper of Zin the Law-Giver
 50980 | Temple   | Reached * piety under Zin
 50980 | Temple   | Reached ** piety under Zin
 50980 | Temple   | Reached *** piety under Zin
 50980 | Temple   | Reached **** piety under Zin
 51598 | Crypt:2  | Identified Sif Muna's Incunabulum of the Unstable Oath
 52163 | Crypt:2  | Reached ***** piety under Zin
 52508 | Crypt:3  | Entered Level 3 of the Crypt
 52851 | Crypt:3  | Reached ****** piety under Zin
 53062 | Crypt:3  | Found a basalt altar of Yredelemnul.
 53062 | Crypt:3  | Noticed an ancient lich
 53069 | Crypt:3  | Killed an ancient lich
 53069 | Crypt:3  | Reached skill level 24 in Maces & Flails
 53106 | Crypt:3  | Found the +3 giant club "Skullcrusher" {speed, Str+7}
 53165 | Crypt:3  | Got a transparent platinum ring
 53165 | Crypt:3  | Got a crude marble ring
 53408 | Crypt:3  | Found a staircase to the Tomb.
 53425 | Crypt:3  | Identified the Volume of Dark Rituals
 53617 | Crypt:2  | Identified the ring of the Lily {rElec rN+ Int+4 Slay+2}
                  | (You found it on level 3 of the Crypt)
 53618 | Crypt:2  | Identified the ring of Waiq {rN+ MR+ Str-4 Int+4} (You
                  | found it on level 3 of the Crypt)
 54037 | Temple   | Fell from the grace of Zin
 54037 | Temple   | Became a worshipper of the Shining One
 54038 | Temple   | Gained mutation: You are partially covered in icy blue
                  | scales. (AC +2) [potion of mutation]
 54038 | Temple   | Gained mutation: You are partially covered in thin metallic
                  | scales. (AC +2) [potion of mutation]
 54038 | Temple   | Gained mutation: You are covered in fur. (AC +1) [potion of
                  | mutation]
 54038 | Temple   | Gained mutation: You have a pair of small horns on your
                  | head. [potion of mutation]
 54039 | Temple   | Lost mutation: You are covered in fur. (AC +1) [potion of
                  | mutation]
 54039 | Temple   | Lost mutation: You have a pair of small horns on your head.
                  | [potion of mutation]
 54039 | Temple   | Gained mutation: You passively map a small area around you.
                  | [potion of mutation]
 54039 | Temple   | Gained mutation: You are resistant to hostile enchantments.
                  | (MR+) [potion of mutation]
 54039 | Temple   | Lost mutation: You are partially covered in thin metallic
                  | scales. (AC +2) [potion of mutation]
 54039 | Temple   | Gained mutation: You are agile. (Dex +2) [potion of
                  | mutation]
 54040 | Temple   | Lost mutation: You are agile. (Dex +2) [potion of mutation]
 54040 | Temple   | Lost mutation: You are resistant to hostile enchantments.
                  | (MR+) [potion of mutation]
 54040 | Temple   | Lost mutation: You passively map a small area around you.
                  | [potion of mutation]
 54040 | Temple   | Lost mutation: You are partially covered in icy blue
                  | scales. (AC +2) [potion of mutation]
 54040 | Temple   | Gained mutation: You are resistant to hostile enchantments.
                  | (MR+) [potion of mutation]
 54040 | Temple   | Gained mutation: Your mind is acute. (Int +2) [potion of
                  | mutation]
 54040 | Temple   | Gained mutation: You are somewhat resistant to further
                  | mutation. [potion of mutation]
 54041 | Temple   | Lost mutation: Your mind is acute. (Int +2) [potion of
                  | mutation]
 54041 | Temple   | Lost mutation: You are resistant to hostile enchantments.
                  | (MR+) [potion of mutation]
 54042 | Temple   | Lost mutation: You are somewhat resistant to further
                  | mutation. [potion of mutation]
 54042 | Temple   | Gained mutation: You occasionally shout uncontrollably at
                  | your foes. [potion of mutation]
 54042 | Temple   | Gained mutation: You are frail. (-10% HP) [potion of
                  | mutation]
 54042 | Temple   | Gained mutation: You do not regenerate when monsters are
                  | visible. [potion of mutation]
 54042 | Temple   | Gained mutation: Your muscles are strong. (Str +2) [potion
                  | of mutation]
 54043 | Temple   | Lost mutation: You are frail. (-10% HP) [potion of
                  | mutation]
 54043 | Temple   | Lost mutation: Your muscles are strong. (Str +2) [potion of
                  | mutation]
 54043 | Temple   | Lost mutation: You occasionally shout uncontrollably at
                  | your foes. [potion of mutation]
 54043 | Temple   | Gained mutation: You are surrounded by a mild repulsion
                  | field. (EV +2) [potion of mutation]
 54043 | Temple   | Gained mutation: You have sharp fingernails. [potion of
                  | mutation]
 54044 | Temple   | Lost mutation: You do not regenerate when monsters are
                  | visible. [potion of mutation]
 54044 | Temple   | Lost mutation: You are surrounded by a mild repulsion
                  | field. (EV +2) [potion of mutation]
 54044 | Temple   | Gained mutation: Scrolls take you a little longer to read.
                  | [potion of mutation]
 54044 | Temple   | Gained mutation: Your magical capacity is low. (-10% MP)
                  | [potion of mutation]
 54044 | Temple   | Gained mutation: You have a pair of small horns on your
                  | head. [potion of mutation]
 54057 | Temple   | Fell from the grace of the Shining One
 54057 | Temple   | Became a worshipper of Zin the Law-Giver
 54355 | D:11     | HP: 2/172 [titan/the air[the fury of Okawaru] (45)]
 55644 | Slime:1  | Entered Level 1 of the Pits of Slime
 57794 | Slime:2  | Gained mutation: You are robust. (+10% HP) [a shining eye]
 57797 | Slime:2  | Gained mutation: Your spells are a little easier to cast,
                  | but a little less powerful. [a shining eye]
 58554 | Tomb:1   | Entered Level 1 of the Tomb of the Ancients
 58868 | Tomb:1   | Noticed Sojobo
 59568 | Crypt:3  | Killed Sojobo
 59568 | Crypt:3  | Reached XP level 26. HP: 196/196 MP: 20/20
 60177 | Tomb:1   | Was forgiven by Okawaru
 60714 | Tomb:1   | Noticed a greater mummy
 60747 | Tomb:1   | Killed a greater mummy
 61663 | Tomb:1   | Noticed a greater mummy
 61698 | Tomb:1   | Killed a greater mummy
 62154 | Tomb:1   | Noticed a greater mummy
 62169 | Tomb:1   | Killed a greater mummy
 64499 | Slime:5  | Entered Level 5 of the Pits of Slime
 65458 | Slime:5  | Found a viscous altar of Jiyva.
 65477 | Slime:5  | Noticed the Royal Jelly
 66396 | Slime:3  | Noticed Dissolution
 66398 | Slime:3  | HP: 8/198 [acid[the Royal Jelly] (3)]
 66398 | Slime:3  | HP: 2/198 [azure jelly[the Royal Jelly] (6)]
 66399 | Slime:3  | Splashed by an acid blob's acid

Skill      XL: |  1  2  3  4  5  6  7  8  9 10 11 12 13 14 15 16 17 18 19 20 21 22 23 24 25 26 |
---------------+-------------------------------------------------------------------------------+-----
Maces & Flails | 4 5 6 10 11 12 13 15 16 17 18 19 20 21 22 23 24 | 24.6
Armour         | 1 2 3 7 8 9 10 11 12 13 14 15 16 17 18 19 20 21 22 | 22.2
Shields        | 1 2 3 7 8 9 10 11 12 13 14 15 16 17 18 19 20 21 22 | 22.2
Fighting       | 3 4 7 8 9 10 11 12 13 14 15 16 17 18 19 20 21 22 | 22.3
Throwing       | |  1.7
Dodging        | |  2.6

Action                   |  1- 3 |  4- 6 |  7- 9 | 10-12 | 13-15 | 16-18 | 19-21 | 22-24 | 25-27 || total
-------------------------+-------+-------+-------+-------+-------+-------+-------+-------+-------++-------
Melee: Flail             |    33 |       |       |       |       |       |       |       |       ||    33
       Whip              |    39 |   151 |   281 |  1133 |  1474 |       |       |       |       ||  3078
       Eveningstar       |       |       |       |       |   514 |  1474 |   492 |   224 |   266 ||  2970
       Demon whip        |       |       |       |       |       |       |   744 |  1721 |       ||  2465
       Sacred scourge    |       |       |       |       |       |       |       |       |  1597 ||  1597
       Headbutt          |       |       |       |       |       |       |       |       |   382 ||   382
Invok: Brand Weapon With |       |       |       |       |       |       |       |       |     1 ||     1
 Abil: Fly               |       |       |       |       |     1 |       |       |       |       ||     1
  Use: Scroll            |       |     5 |    14 |     8 |    12 |     9 |    27 |    12 |    13 ||   100
       Potion            |       |       |     2 |     1 |     1 |     1 |     4 |    14 |    12 ||    35
 Stab: Distracted        |       |     1 |       |       |       |       |       |       |       ||     1
       Held in net/web   |       |       |       |       |     1 |       |       |       |       ||     1
       Petrified         |       |       |       |       |     5 |       |       |       |       ||     5
  Eat: Chunk             |       |     7 |     6 |    16 |    30 |    28 |    21 |    19 |     7 ||   134
       Ration            |       |       |     1 |     3 |     2 |     2 |       |     3 |    15 ||    26
Armor: Leather armour    |    28 |    52 |    27 |       |       |       |       |       |       ||   107
       Plate armour      |       |       |    67 |   117 |       |       |    88 |   617 |   749 ||  1638
       Chain mail        |       |       |       |   240 |   480 |   672 |   150 |       |       ||  1542
       Crystal plate arm |       |       |       |       |       |       |   115 |       |       ||   115
Dodge: Dodged            |    56 |    98 |   108 |   207 |   322 |   294 |   116 |   188 |   225 ||  1614
Block: Large shield      |       |       |       |   693 |  1621 |  1782 |   918 |  1500 |  1646 ||  8160
